 Dungeon Crawl Stone Soup version 0.19.1 (webtiles) character file.

276 Haldmier the Slasher (level 6, 0/39 HPs)
             Began as a High Elf Warper on Nov 28, 2016.
             Was an Initiate of Gozag.
             Slain by a quokka (4 damage)
             ... on level 4 of the Dungeon.
             The game lasted 00:24:34 (4501 turns).

Haldmier the Slasher (High Elf Warper)              Turns: 4501, Time: 00:24:34

Health: 0/39       AC:  6    Str: 10    XL:     6   Next: 4%
Magic:  10/10      EV: 12    Int: 17    God:    Gozag
Gold:   172        SH:  0    Dex: 17    Spells: 3 memorised, 2 levels left

rFire  . . .     SeeInvis .     a - +0 falchion
rCold  . . .     Gourm    .     t - +2 robe {MR+}
rNeg   . . .     Faith    .     (no shield)
rPois  .         Spirit   .     w - +0 helmet
rElec  .         Reflect  .     l - +0 cloak
rCorr  .         Harm     .     (no gloves)
MR     +....     Rnd*Tele +     (no boots)
Stlth  ++........               (no amulet)
                                (no ring)
                                s - ring of teleportation (curse)

@: drained
A: no striking features
a: Potion Petition, Call Merchant, Bribe Branch, Renounce Religion


You were on level 4 of the Dungeon.
You worshipped Gozag.
Gozag was aware of your devotion.
You were hungry.

You visited 1 branch of the dungeon, and saw 4 of its levels.

You collected 244 gold pieces.
You paid 72 gold pieces to Gozag.

Inventory:

Hand Weapons
 a - a +0 falchion (weapon)
 u - a +0 hunting sling
 A - a +2 dagger of draining
Missiles
 e - a tomahawk of dispersal
 i - 3 steel tomahawks
 p - 3 javelins (quivered)
 x - 53 sling bullets
 y - 52 stones
Armour
 l - a +0 cloak (worn)
 t - a +2 robe of magic resistance (worn)
 w - a +0 helmet (worn)
Jewellery
 s - a cursed ring of teleportation (left hand)
Wands
 m - a wand of flame (30/48)
Scrolls
 d - 3 scrolls of blinking
 g - 2 scrolls of random uselessness {unknown}
 j - 3 scrolls of identify {unknown}
 n - 3 scrolls of fear {unknown}
 o - 2 scrolls of remove curse {unknown}
 q - a scroll of immolation {unknown}
 r - 2 scrolls of teleportation {unknown}
 v - a scroll of fog {unknown}
 z - a scroll of recharging {unknown}
Potions
 b - a potion of lignification {unknown}
 h - a potion of cure mutation {unknown}
 B - a potion of curing
Books
 c - a book of Spatial Translocations

   Spells                             Type                      Level
   a - Blink                          Translocation                2
   b - Shroud of Golubria             Charms/Translocation         2
   c - Lesser Beckoning               Translocation                3
   d - Portal Projectile              Translocation                3
   e - Teleport Other                 Translocation                3
   f - Passage of Golubria            Translocation                4
Comestibles
 f - a bread ration


   Skills:
 - Level 2.0(1.3) Fighting
 * Level 6.4(5.7) Long Blades
 - Level 1.0(0.3) Throwing
 - Level 0.8(0.2) Armour
 - Level 2.1(1.5) Dodging
 - Level 2.4(1.7) Spellcasting
 - Level 2.0(1.3) Charms
 + Level 4.5(3.8) Translocations


You had 2 spell levels left.
You knew the following spells:

 Your Spells              Type           Power        Failure   Level  Hunger
a - Shroud of Golubria    Chrm/Tloc      ##........   12%         2    ###....
b - Blink                 Tloc           N/A          10%         2    ###....
c - Teleport Other        Tloc           ##......     14%         3    ###....


Dungeon Overview and Level Annotations

Branches:
Dungeon (4/15)
 Temple: D:4-7

Altars:
Cheibriados
Gozag
Nemelex Xobeh
Sif Muna
Vehumet
Yredelemnul
Zin
The Shining One

Annotations:
D:3 1 runed door, Philosophy's ghost, amateur HOFi
D:4 Blork the orc; Kailar's ghost, novice MiBe; Natasha


Message History

The hound barely misses you. The hound bites you but does no damage.
Your shroud bends the quokka's attack away.
The hound barely misses you.
You riposte.
You hit the hound.
The hound is moderately wounded.
The quokka barely misses you. The hound barely misses you.
The quokka closely misses you. The quokka closely misses you.
The hound misses you.
You riposte.
You closely miss the hound.
The hound is moderately wounded.
The hound bites you but does no damage.
Your shroud begins to fray at the edges.
The quokka misses you.
Blork the orc looks encouraged for a moment.
The quokka misses you.
You riposte.
You barely miss the quokka.
Your shroud unravels.
The quokka barely misses you. MP restored: 10 The quokka bites you.
You die...
Your body crumbles into a pile of gold.

..#....#.#
..#...... .......#
.......# #######
.......#####...O.#
....o.O...##.###.#
...##.###.##.# #h#
...##$# #.##h# #r#
##.##.# #..O.# #@#
#....# ########.#
###### #.....#.#
#.......#
#####.### #.# #<#
###


You could see an ogre, a hound and a quokka.

Vanquished Creatures
  A hound (D:4)
  Crazy Yiuf (D:3)
  A worker ant (D:4)
  Robin (D:2)
  A gnoll (D:1)
  5 adders
  An ooze (D:4)
  An adder skeleton (D:4)
  3 worms
  4 dart slugs
  A leopard gecko (D:4)
  3 orcs (D:4)
  4 giant cockroaches
  15 hobgoblins
  6 jackals
  A quokka (D:4)
  A ball python (D:1)
  11 bats
  5 frilled lizards
  21 goblins
  A goblin zombie (D:3)
  7 kobolds
  6 rats
101 creatures vanquished.

Notes
Turn   | Place    | Note
-------+----------+-------------------------------------------
     0 | D:1      | Haldmier the High Elf Warper began the quest for the Orb.
     0 | D:1      | Reached XP level 1. HP: 14/14 MP: 4/4
     1 | D:1      | Noticed an electric eel
   255 | D:1      | Reached skill level 3 in Long Blades
   537 | D:1      | Reached XP level 2. HP: 19/19 MP: 6/6
   966 | D:1      | Reached skill level 4 in Long Blades
  1071 | D:1      | Learned a level 2 spell: Blink
  1074 | D:1      | Learned a level 2 spell: Shroud of Golubria
  1107 | D:2      | Reached XP level 3. HP: 24/24 MP: 7/7
  1535 | D:2      | You fall through a shaft!
  1535 | D:3      | Noticed Philosophy's ghost (amateur HOFi)
  1596 | D:4      | HP: 1/24 [worker ant (1)]
  1605 | D:4      | HP: 1/24 [poisoned by a worker ant]
  1614 | D:4      | Reached skill level 1 in Charms
  1624 | D:4      | Reached XP level 4. HP: 11/29 MP: 8/8
  1830 | D:4      | Reached skill level 5 in Long Blades
  1926 | D:4      | Found a radiant altar of Vehumet.
  2023 | D:4      | Reached XP level 5. HP: 29/34 MP: 7/9
  2061 | D:4      | Found a snail-covered altar of Cheibriados.
  2289 | D:2      | Learned a level 3 spell: Teleport Other
  2987 | D:3      | Noticed Robin
  3003 | D:2      | Killed Robin
  3098 | D:2      | Reached skill level 6 in Long Blades
  3663 | D:3      | Found a basalt altar of Yredelemnul.
  3663 | D:3      | Found a sparkling altar of Nemelex Xobeh.
  3663 | D:3      | Found a glowing golden altar of the Shining One.
  3663 | D:3      | Found an opulent altar of Gozag.
  4001 | D:3      | Found a deep blue altar of Sif Muna.
  4001 | D:3      | Found a glowing silver altar of Zin.
  4020 | D:3      | Became a worshipper of Gozag Ym Sagoz the Greedy
  4129 | D:3      | Found a runed door.
  4134 | D:3      | Noticed Crazy Yiuf
  4141 | D:3      | Killed Crazy Yiuf
  4141 | D:3      | Reached XP level 6. HP: 39/39 MP: 8/10
  4301 | D:3      | Found a runed door.
  4301 | D:3      | Noticed a human
  4310 | D:3      | Found a basalt altar of Yredelemnul.
  4367 | D:4      | Noticed Blork the orc
  4368 | D:4      | Noticed Kailar's ghost (novice MiBe)
  4370 | D:4      | Noticed Natasha
  4475 | D:4      | HP: 1/39 [ogre/giant club (25)]
  4501 | D:4      | Slain by a quokka

Skill      XL: |  1  2  3  4  5 |
---------------+----------------+-----
Long Blades    | 3 4 5 6 |  6.4
Charms         | 1 2 |  2.0
Translocations | 4 |  4.5
Fighting       | |  2.0
Throwing       | |  1.0
Armour         | |  0.8
Dodging        | |  2.1
Spellcasting   | |  2.4

Action                   |  1- 3 |  4- 6 || total
-------------------------+-------+-------++-------
Melee: Falchion          |    90 |   252 ||   342
Throw: Javelin           |    13 |    17 ||    30
       Tomahawk          |     4 |       ||     4
 Cast: Shroud of Golubri |     4 |    24 ||    28
       Blink             |     2 |       ||     2
  Use: Potion            |     3 |       ||     3
       Scroll            |     1 |       ||     1
 Stab: Sleeping          |     1 |       ||     1
  Eat: Chunk             |     2 |    10 ||    12
       Pizza             |       |     1 ||     1
Armor: Leather armour    |    23 |    29 ||    52
       Robe              |       |    37 ||    37
Dodge: Dodged            |    64 |   184 ||   248
       Rpst.: Falchion   |    24 |    70 ||    94
